 Dungeon Crawl Stone Soup version 0.24.0-13-gcf9b319 (webtiles) character file.

Game seed: 11702973616692718745, levelgen mode: deterministic

247 Arctor the Conjurer (level 6, 0/32 HPs)
             Began as a Gargoyle Wizard on Apr 17, 2020.
             Slain by Sigmund
             ... wielding a +3 scythe of protection
              (15 damage)
             ... on level 4 of the Dungeon.
             The game lasted 00:07:34 (4691 turns).

Arctor the Conjurer (Gargoyle Wizard)               Turns: 4691, Time: 00:07:34

Health: 0/32       AC:  7    Str: 10    XL:     6   Next: 11%
Magic:  3/10       EV: 12    Int: 21    God:
Gold:   218        SH:  0    Dex:  8    Spells: 4/11 levels left

rFire    . . .     SeeInvis .   e - +0 dagger
rCold    . . .     Gourm    .   (no shield)
rNeg     + . .     Faith    .   a - +0 robe
rPois    ∞         Spirit   .   b - +0 hat
rElec    +         Reflect  .   c - +0 cloak
rCorr    .         Harm     .   (no gloves)
MR       +....                  (no boots)
Stlth    ++........             i - amulet of regeneration
HPRegen  0.50/turn              j - ring of protection from magic
MPRegen  0.12/turn              (no ring)

@: no status effects
A: negative energy resistance 1, electricity resistance, unbreathing,
petrification resistance, rot immunity, AC +4
a: no special abilities


You were on level 4 of the Dungeon.
You were very hungry.

You visited 2 branches of the dungeon, and saw 5 of its levels.

You collected 218 gold pieces.

Inventory:

Hand Weapons
 e - a +0 dagger (weapon)
 p - a +0 battleaxe
Armour
 a - a +0 robe (worn)
 b - a +0 hat (worn)
 c - a +0 cloak (worn)
Jewellery
 i - an amulet of regeneration (around neck)
 j - a ring of protection from magic (left hand)
 x - an uncursed amulet of harm {unknown}
Scrolls
 f - 4 scrolls of teleportation
 h - a scroll of remove curse
 n - a scroll of amnesia
 o - a scroll of magic mapping {unknown}
 r - 3 scrolls of identify
 s - a scroll of noise {unknown}
 u - a scroll of enchant weapon {unknown}
 w - a scroll of enchant armour {unknown}
Potions
 g - a potion of invisibility {unknown}
 k - 2 potions of might
 m - a potion of flight {unknown}
 q - a potion of ambrosia {unknown}
 t - 4 potions of curing
 v - a potion of mutation {unknown}
Comestibles
 d - 11 rations


   Skills:
 + Level 0.3 Fighting
 + Level 0.3 Armour
 + Level 1.6 Dodging
 - Level 2.1 Stealth
 + Level 3.0 Spellcasting
 + Level 6.3 Conjurations
   Level 0.8 Summonings
   Level 0.8 Translocations


You had 4 spell levels left.
You knew the following spells:

 Your Spells              Type           Power        Failure   Level  Hunger
a - Magic Dart            Conj           ####         1%          1    None
b - Conjure Flame         Conj/Fire      ###.....     11%         3    ###....
c - Mephitic Cloud        Conj/Pois/Air  ##......     17%         3    ###....

Your spell library contained the following spells:

 Spells                   Type           Power        Failure   Level  Hunger
 Blink                    Tloc           N/A          14%         2    ##.....
 Call Imp                 Summ           #.......     14%         2    ##.....
 Slow                     Hex            #.......     21%         2    ##.....


Dungeon Overview and Level Annotations

Branches:
Dungeon (4/15)             Temple (1/1) D:4

Altars:
Cheibriados
Dithmenos
Elyvilon
Fedhas
Gozag
Hepliaklqana
Kikubaaqudgha
Nemelex Xobeh
Okawaru
Qazlal
Ru
Trog
Uskayaw
Xom
Yredelemnul
Zin

Annotations:
D:4 Ijyb, Sigmund


Innate Abilities, Weirdness & Mutations

You are resistant to torment.
Your stone body is resilient. (AC +4)
You are immune to poison.
You resist negative energy. (rN+)
You are resistant to electric shocks. (rElec)
You can survive without breathing.
You are immune to petrification.
You are immune to rotting.


Message History

Sigmund is engulfed in noxious fumes.
Sigmund appears confused.
You completely miss Sigmund.
Sigmund is severely wounded.
Sigmund is engulfed in noxious fumes.
Sigmund appears confused.
You hit Sigmund but do no damage.
Sigmund is severely wounded.
Sigmund closely misses you.
You hit Sigmund but do no damage.
Sigmund is severely wounded.
You strike the helpless Sigmund from behind!
You hit Sigmund but do no damage.
Sigmund is severely wounded.
Sigmund hits you with a +3 scythe of protection!
Ouch! That really hurt!
You barely miss Sigmund.
Sigmund is severely wounded.
You barely miss Sigmund.
Sigmund is severely wounded.
Sigmund hits you with a +3 scythe of protection!
You die...

#######......+####..
###....#.....#.....#####
#......#.....#..........
#......#...#.#.#........
#...........###.........
#.<......#...#...#..#...
##.........#.....#.......
#.......#####.>.#####....
##......@..#.....#.......
##'#####.@#...#...#......
#.......#....###....##...
#######......#...#.#.#..###...
##....##......#.....#.....##...
#.....#######'#....†#..........
#.....#........................
#.....'..............'.........
#.....#..............##'#####..


You could see Sigmund (confused).

Vanquished Creatures
  A scorpion (D:4)
  A hound (D:4)
  A worker ant (D:4)
  4 adders
  2 worms
  A dart slug (D:2)
  4 leopard geckos
  6 orcs (D:3)
  3 giant cockroaches
  9 goblins
  11 hobgoblins
  13 jackals
  5 kobolds
  A quokka (D:4)
  4 ball pythons
  9 bats
  2 frilled lizards (D:2)
  9 rats
86 creatures vanquished.

Notes
Turn   | Place    | Note
-------+----------+-------------------------------------------
     0 | D:1      | Arctor the Gargoyle Wizard began the quest for the Orb.
     0 | D:1      | Reached XP level 1. HP: 10/10 MP: 4/4
   358 | D:1      | Reached skill level 2 in Conjurations
   418 | D:1      | Reached XP level 2. HP: 15/15 MP: 1/6
   922 | D:1      | Reached skill level 3 in Conjurations
   975 | D:1      | Reached XP level 3. HP: 19/19 MP: 3/7
   980 | D:1      | Learned a level 3 spell: Conjure Flame
   984 | D:1      | Learned a level 3 spell: Mephitic Cloud
  1900 | D:2      | Reached skill level 4 in Conjurations
  2082 | D:2      | Reached XP level 4. HP: 17/24 MP: 0/8
  2265 | D:2      | Found a shimmering altar of Xom.
  3602 | D:3      | Reached skill level 5 in Conjurations
  3701 | D:3      | Reached XP level 5. HP: 28/28 MP: 6/9
  3971 | D:4      | Found a staircase to the Ecumenical Temple.
  4098 | Temple   | Entered the Ecumenical Temple
  4254 | D:4      | Noticed Sigmund
  4266 | D:4      | Noticed Ijyb
  4351 | D:4      | Reached skill level 6 in Conjurations
  4359 | D:4      | Reached XP level 6. HP: 30/32 MP: 2/10
  4691 | D:4      | Slain by Sigmund

Levels and vault maps discovered:
D:1:      dpeg_arrival_pits, layout_basic, hex_intersection,
          kennysheep_another_room, minmay_misc_feat_columns,
          chequers_mini_garden
D:2:      minmay_general_purpose_star, layout_basic, lemuel_crystal_altar
D:3:      layout_loops_cross
D:4:      layout_gridville, minmay_temple_entry_arrows, first_ration,
          minmay_strange_pillars, uniq_blork_the_orc, uniq_sigmund, uniq_ijyb
Temple:   regret_index_temple_waves

Skill      XL: |  1  2  3  4  5 |
---------------+----------------+-----
Conjurations   | 2 3 4 5 6 |  6.3
Fighting       | |  0.3
Armour         | |  0.3
Dodging        | |  1.6
Stealth        | |  2.1
Spellcasting   | |  3.0
Summonings     | |  0.8
Translocations | |  0.8

Action                   |  1- 3 |  4- 6 || total
-------------------------+-------+-------++-------
Melee: Unarmed           |     6 |       ||     6
       Dagger            |    51 |    76 ||   127
       Battleaxe         |       |    29 ||    29
 Cast: Magic Dart        |    73 |   112 ||   185
       Mephitic Cloud    |       |     3 ||     3
       Conjure Flame     |       |     1 ||     1
  Use: Scroll            |       |     7 ||     7
 Stab: Confused          |       |     1 ||     1
  Eat: Chunk             |     2 |     9 ||    11
Armor: Robe              |    25 |    63 ||    88
Dodge: Dodged            |    58 |   135 ||   193
